[Event "LJ Slovak Open 2022"]
[Site "Liptovsky Jan"]
[Date "2022.06.26"]
[Round "7.15"]
[White "Korenova, Simona"]
[Black "Verba, Vladimir"]
[Result "1-0"]
[ECO "E51"]
[WhiteElo "1895"]
[BlackElo "1786"]
[Annotator "NA RC"]
[PlyCount "60"]
[EventDate "2022.06.23"]
[EventType "swiss"]
[EventCountry "SVK"]
[SourceTitle "playchess.com"]
[Source "ChessBase"]
[SourceQuality "1"]
[TimeControl "3600+30"]

1. d4 d5 2. c4 dxc4 3. Nc3 Nc6 4. e3 Nf6 5. Bxc4 e6 6. Nf3 Bd6 7. O-O O-O 8. e4 e5 9. Bg5 exd4 10. Nd5 Be7 11. Bf4 Nxd5 12. exd5 Na5 13. Qxd4 c6 14. d6 Bf6 15. Qe4 Re8 16. Qc2 Nxc4 17. Qxc4 Be6 18. Qc2 Bd5 19. Qd3 Re4 20. Bg3 Qd7 21. Rfe1 Rae8 22. Rxe4 Bxe4 23. Qa3 a6 24. Rd1 Bd5 25. h3 Re2 26. Nd4 Bxd4 27. Rxd4 Qxh3 28. Kf1 Qe6 29. Qa5 h6 30. d7 Rxb2 1-0

[Event "LJ Slovak Open 2022"]
[Site "Liptovsky Jan"]
[Date "2022.06.26"]
[Round "7.17"]
[White "Janik, Marek Tobias"]
[Black "Kulich, Filip"]
[Result "1/2-1/2"]
[ECO "C17"]
[WhiteElo "1840"]
[BlackElo "1682"]
[Annotator "NA RC"]
[PlyCount "94"]
[EventDate "2022.06.23"]
[EventType "swiss"]
[EventCountry "SVK"]
[SourceTitle "playchess.com"]
[Source "ChessBase"]
[SourceQuality "1"]
[TimeControl "3600+30"]

1. e4 c6 2. d4 d5 3. e5 c5 4. dxc5 e6 5. Nf3 Bxc5 6. a3 Ne7 7. Bd3 Ng6 8. O-O Nc6 9. Re1 a6 10. Nc3 O-O 11. Qe2 b5 12. Bg5 Nd4 13. Bxd8 Nxe2+ 14. Nxe2 Rxd8 15. Bxg6 hxg6 16. Ned4 Bb7 17. c3 Rac8 18. Rac1 Rc7 19. Nb3 Bb6 20. Nfd4 Rdc8 21. g3 Rc4 22. Kg2 Kf8 23. h4 Rd8 24. f3 Bc8 25. Rh1 Bc7 26. Nd2 Ra4 27. h5 g5 28. h6 g6 29. Rh2 Kg8 30. Rch1 Re8 31. f4 gxf4 32. gxf4 Bb7 33. N2f3 Bd8 34. Ng5 Bxg5 35. fxg5 Rc4 36. Rf1 Rc7 37. Rh3 Ree7 38. Kf2 Rc8 39. Ke1 Rc4 40. Kd2 Bc8 41. b3 Rc5 42. Ne2 Bd7 43. Nf4 Kh7 44. Nd3 Rc8 45. b4 Rc4 46. Rhf3 Be8 47. Rf4 Ra7 1/2-1/2

[Event "LJ Slovak Open 2022"]
[Site "Liptovsky Jan"]
[Date "2022.06.26"]
[Round "7.19"]
[White "Ziaran, Viliam"]
[Black "Krestian, Darius"]
[Result "1/2-1/2"]
[ECO "B13"]
[WhiteElo "1832"]
[BlackElo "1659"]
[Annotator "NA RC"]
[PlyCount "116"]
[EventDate "2022.06.23"]
[EventType "swiss"]
[EventCountry "SVK"]
[SourceTitle "playchess.com"]
[Source "ChessBase"]
[SourceQuality "1"]
[TimeControl "3600+30"]

1. e4 c6 2. Nc3 d5 3. Nf3 Nf6 4. exd5 cxd5 5. d4 Nc6 6. h3 Bf5 7. Bd3 Bxd3 8. Qxd3 e6 9. Bg5 Be7 10. O-O O-O 11. Rfe1 Rc8 12. a3 Qb6 13. b4 a6 14. Rad1 Qc7 15. Ne2 Na7 16. Rc1 Nb5 17. Bf4 Bd6 18. Bxd6 Qxd6 19. a4 Na7 20. c3 Qc6 21. Qc2 Ne4 22. Ne5 Qc7 23. f3 Nd6 24. Nf4 Nc6 25. Qf2 Nxe5 26. dxe5 Nc4 27. Nd3 Qc6 28. a5 Rc7 29. g3 Rfc8 30. Kh2 Qb5 31. Nc5 b6 32. axb6 Nxb6 33. Ra1 Nd7 34. Ra5 Qc4 35. Nxa6 Rc6 36. b5 Rb6 37. Ra3 Qxb5 38. Nb4 Nc5 39. Qd4 Rbb8 40. g4 Ra8 41. Rxa8 Rxa8 42. Kg3 Rc8 43. Kf4 Na4 44. Qd3 Qxd3 45. Nxd3 Rxc3 46. Ra1 Rc4+ 47. Ke3 g6 48. Kd2 Nc5 49. Nxc5 Rxc5 50. Kd3 Rb5 51. Ra3 Rb2 52. f4 Rh2 53. Kd4 Kg7 54. Rf3 Ra2 55. f5 Ra4+ 56. Kc5 Re4 57. fxe6 fxe6 58. Kd6 d4 1/2-1/2

[Event "LJ Slovak Open 2022"]
[Site "Liptovsky Jan"]
[Date "2022.06.26"]
[Round "7.20"]
[White "Koska, Jiri"]
[Black "Kulich, Daniel"]
[Result "1-0"]
[ECO "A90"]
[WhiteElo "1759"]
[BlackElo "1648"]
[Annotator "NA RC"]
[PlyCount "175"]
[EventDate "2022.06.23"]
[EventType "swiss"]
[EventCountry "SVK"]
[SourceTitle "playchess.com"]
[Source "ChessBase"]
[SourceQuality "1"]
[TimeControl "3600+30"]

1. Nf3 f5 2. g3 Nf6 3. Bg2 d5 4. O-O e6 5. d4 Bd6 6. e3 O-O 7. Nbd2 c6 8. c4 Bd7 9. c5 Bc7 10. Qc2 Be8 11. b4 a5 12. Rb1 Bg6 13. Nh4 b5 14. cxb6 Bxb6 15. Nxg6 hxg6 16. a3 axb4 17. axb4 Qd6 18. Nb3 Nbd7 19. Nc5 Bxc5 20. bxc5 Qc7 21. Bd2 Rfb8 22. Rxb8+ Rxb8 23. Rb1 Kf7 24. Bf1 Ne4 25. Ra1 Nxd2 26. Qxd2 Rb7 27. Ra6 Ra7 28. Qa2 Rxa6 29. Qxa6 Ke7 30. Be2 Nb8 31. Qa8 Kd7 32. g4 Ke7 33. gxf5 gxf5 34. Qa1 g6 35. Kh1 Kf6 36. Qg1 g5 37. Qg2 g4 38. Kg1 Ke7 39. h3 gxh3 40. Qg7+ Kd8 41. Qf8+ Kd7 42. Qf7+ Kc8 43. Qxe6+ Qd7 44. Qg8+ Kb7 45. Qg3 Qh7 46. Bf1 Na6 47. Bxa6+ Kxa6 48. Kh2 Qe7 49. Qb8 Ka5 50. Qb6+ Ka4 51. Qxc6+ Kb4 52. Qxd5 Qh4 53. Qf3 Qh7 54. Qxh3 Qg6 55. Qg3 Qh5+ 56. Kg2 Qf7 57. c6 Qd5+ 58. Qf3 Qg8+ 59. Kh1 Qh7+ 60. Kg1 Qg8+ 61. Qg3 Qc4 62. c7 Qc1+ 63. Kh2 Qc6 64. d5 Qh6+ 65. Kg1 Qa6 66. d6 Qa1+ 67. Kg2 Qa8+ 68. f3 Qa2+ 69. Kh3 Qe6 70. Qf4+ Kb5 71. Kg3 Qg8+ 72. Kh2 Qh7+ 73. Kg2 Qg8+ 74. Qg3 Qa2+ 75. Qf2 Qg8+ 76. Kf1 Kb6 77. Qb2+ Ka6 78. Qa3+ Kb5 79. Qd3+ Kb6 80. Qc3 Qc8 81. d7 Qa6+ 82. Ke1 Qa2 83. c8=Q Qb1+ 84. Qc1 Qb4+ 85. Q8c3 Qh4+ 86. Kd1 Qa4+ 87. Q1c2 Qxd7+ 88. Qd4+ 1-0

[Event "LJ Slovak Open 2022"]
[Site "Liptovsky Jan"]
[Date "2022.06.26"]
[Round "7.21"]
[White "Sokolovsky, Jakub"]
[Black "Haasova, Timea"]
[Result "1/2-1/2"]
[ECO "B46"]
[WhiteElo "1613"]
[BlackElo "1811"]
[Annotator "NA RC"]
[PlyCount "61"]
[EventDate "2022.06.23"]
[EventType "swiss"]
[EventCountry "SVK"]
[SourceTitle "playchess.com"]
[Source "ChessBase"]
[SourceQuality "1"]
[TimeControl "3600+30"]

1. e4 c5 2. Nf3 e6 3. d4 cxd4 4. Nxd4 Nf6 5. Nc3 Nc6 6. a3 a6 7. Nxc6 bxc6 8. e5 Nd5 9. Ne4 Qc7 10. Qh5 Be7 11. c4 g6 12. Qe2 Nb6 13. c5 Nd5 14. Nd6+ Bxd6 15. cxd6 Qa5+ 16. Bd2 Qb6 17. Bc3 a5 18. Qf3 Ba6 19. Bxa6 Qxa6 20. Rd1 Qc4 21. Rd4 Qb3 22. O-O Nxc3 23. bxc3 Qxa3 24. Qf6 O-O 25. h4 h5 26. g4 Kh7 27. gxh5 gxh5 28. Qf3 Kh6 29. Qf6+ Kh7 30. Qf3 Kh6 31. Qf6+ 1/2-1/2

[Event "LJ Slovak Open 2022"]
[Site "Liptovsky Jan"]
[Date "2022.06.26"]
[Round "7.22"]
[White "Vastik, Lukas"]
[Black "Freibergs, Andrejs"]
[Result "1-0"]
[ECO "C01"]
[WhiteElo "1738"]
[BlackElo "1526"]
[Annotator "NA RC"]
[PlyCount "59"]
[EventDate "2022.06.23"]
[EventType "swiss"]
[EventCountry "SVK"]
[SourceTitle "playchess.com"]
[Source "ChessBase"]
[SourceQuality "1"]
[TimeControl "3600+30"]

1. e4 e6 2. d4 d5 3. exd5 exd5 4. c4 Nf6 5. Nc3 Be7 6. Nf3 O-O 7. Be2 Bf5 8. O-O c6 9. Bf4 Na6 10. a3 Nc7 11. Qb3 b6 12. Bxc7 Qxc7 13. cxd5 cxd5 14. Nxd5 Qd7 15. Nxe7+ Qxe7 16. Rfe1 Qd6 17. Bc4 a5 18. Ne5 Ra7 19. Qf3 Bc8 20. Rad1 Bb7 21. Qf5 Bd5 22. Re3 g6 23. Qd3 Rc7 24. Bxd5 Nxd5 25. Rf3 f6 26. Nc4 Qc6 27. Ne3 Rd8 28. Qb3 Kg7 29. Nxd5 Rxd5 30. Rc3 1-0

[Event "LJ Slovak Open 2022"]
[Site "Liptovsky Jan"]
[Date "2022.06.26"]
[Round "7.23"]
[White "Smetana, Peter"]
[Black "Hudak, Michal"]
[Result "1/2-1/2"]
[ECO "B41"]
[WhiteElo "1740"]
[BlackElo "1169"]
[Annotator "NA RC"]
[PlyCount "55"]
[EventDate "2022.06.23"]
[EventType "swiss"]
[EventCountry "SVK"]
[SourceTitle "playchess.com"]
[Source "ChessBase"]
[SourceQuality "1"]
[TimeControl "3600+30"]

1. e4 c5 2. Nf3 e6 3. d4 cxd4 4. Nxd4 a6 5. Qf3 Nf6 6. Nc3 e5 7. Nf5 b5 8. Qg3 Nc6 9. Nxg7+ Bxg7 10. Qxg7 Rg8 11. Qh6 Rg6 12. Qe3 Nd4 13. Bd3 Rxg2 14. Bd2 d6 15. f3 Be6 16. Ne2 Rxe2+ 17. Qxe2 Nxe2 18. Kxe2 Qc7 19. a4 b4 20. Bxb4 Ke7 21. b3 Rg8 22. Bd2 Qb6 23. Be3 Rg2+ 24. Kf1 Bh3 25. Bxb6 Rxh2+ 26. Kg1 Rg2+ 27. Kf1 Rh2+ 28. Kg1 1/2-1/2

[Event "LJ Slovak Open 2022"]
[Site "Liptovsky Jan"]
[Date "2022.06.26"]
[Round "7.24"]
[White "Ropovik, Samuel"]
[Black "Gollner, Martin"]
[Result "1-0"]
[ECO "B45"]
[WhiteElo "1453"]
[BlackElo "1585"]
[Annotator "NA RC"]
[PlyCount "101"]
[EventDate "2022.06.23"]
[EventType "swiss"]
[EventCountry "SVK"]
[SourceTitle "playchess.com"]
[Source "ChessBase"]
[SourceQuality "1"]
[TimeControl "3600+30"]

1. e4 c5 2. Nf3 e6 3. d4 cxd4 4. Nxd4 Nc6 5. Nc3 Bc5 6. Ndb5 a6 7. Nd6+ Bxd6 8. Qxd6 Nge7 9. Be3 b5 10. O-O-O O-O 11. f3 Qa5 12. Kb1 b4 13. Ne2 Bb7 14. Nc1 Rfd8 15. Nb3 Qe5 16. Nc5 Qxd6 17. Rxd6 Bc8 18. Be2 f5 19. Rhd1 e5 20. Ne6 dxe6 21. Rxd8+ Nxd8 22. Rxd8+ Kf7 23. Rd6 Ng6 24. Bc4 f4 25. Bc5 a5 26. Bf2 Nf8 27. Be1 Ke7 28. Rb6 Ra7 29. c3 Rc7 30. Bb3 bxc3 31. Bxc3 Rc5 32. Rb8 Nd7 33. Ra8 Kf6 34. Rxa5 Rxa5 35. Bxa5 Ba6 36. Bb4 Bf1 37. g3 Be2 38. Kc2 g5 39. a4 Bxf3 40. Kd3 Bg2 41. a5 Bf1+ 42. Kd2 Nb8 43. Bc2 Na6 44. Bd6 f3 45. Bd3 Bxd3 46. Kxd3 g4 47. b4 h5 48. b5 Kg5 49. bxa6 h4 50. a7 f2 51. Ke2 1-0

[Event "LJ Slovak Open 2022"]
[Site "Liptovsky Jan"]
[Date "2022.06.26"]
[Round "7.25"]
[White "Ambrozi, Peter"]
[Black "Bohacek, Ludovit"]
[Result "1-0"]
[ECO "A50"]
[WhiteElo "1994"]
[BlackElo "1594"]
[Annotator "RC"]
[PlyCount "63"]
[EventDate "2022.06.23"]
[EventType "swiss"]
[EventCountry "SVK"]
[SourceTitle "playchess.com"]
[Source "ChessBase"]
[SourceQuality "1"]
[TimeControl "3600+30"]

1. d4 Nf6 2. Nf3 g6 3. g3 b6 4. Bg2 Bb7 5. c4 Bg7 6. O-O O-O 7. Nc3 d6 8. Qc2 Nbd7 9. Rd1 c5 10. d5 Bc8 11. e4 Ng4 12. h3 Nge5 13. Nxe5 Nxe5 14. b3 f5 15. f4 Nf7 16. Bb2 Bd4+ 17. Rxd4 cxd4 18. Nb5 e5 19. dxe6 Bxe6 20. Nxd4 Bd7 21. exf5 Rc8 22. fxg6 Nh6 23. Bd5+ Be6 24. Bxe6+ Kh8 25. Nc6+ Qf6 26. Bxf6+ Rxf6 27. Bxc8 Rxg6 28. g4 Rg7 29. Qc3 Kg8 30. Be6+ Kf8 31. Qf6+ Nf7 32. Bxf7 1-0

[Event "LJ Slovak Open 2022"]
[Site "Liptovsky Jan"]
[Date "2022.06.26"]
[Round "7.26"]
[White "Straka, Simon"]
[Black "Kukan, Michal"]
[Result "1-0"]
[ECO "D70"]
[WhiteElo "1523"]
[BlackElo "1767"]
[Annotator "NA RC"]
[PlyCount "73"]
[EventDate "2022.06.23"]
[EventType "swiss"]
[EventCountry "SVK"]
[SourceTitle "playchess.com"]
[Source "ChessBase"]
[SourceQuality "1"]
[TimeControl "3600+30"]

1. d4 Nf6 2. c4 g6 3. Nc3 d5 4. cxd5 Nxd5 5. e4 Nb6 6. Be3 Bg7 7. h3 O-O 8. Nf3 N8d7 9. Qd2 Re8 10. Be2 c6 11. Rd1 Nf6 12. Ne5 Be6 13. O-O Nc8 14. f4 Nd6 15. Bd3 Qc7 16. f5 gxf5 17. exf5 Bd5 18. Bh6 Kh8 19. Bxg7+ Kxg7 20. Ng4 Kh8 21. Qh6 Nxg4 22. hxg4 f6 23. Qf4 Rg8 24. Rc1 Bf7 25. Kf2 Rg5 26. Rh1 Nb5 27. Qe3 Nxc3 28. bxc3 Rxg4 29. Rxh7+ Kxh7 30. Qh3+ Rh4 31. Qxh4+ Kg8 32. Rh1 Kf8 33. Qh8+ Bg8 34. Rh4 e6 35. Rg4 Qh7 36. Qxf6+ Ke8 37. fxe6 1-0

[Event "LJ Slovak Open 2022"]
[Site "Liptovsky Jan"]
[Date "2022.06.26"]
[Round "7.27"]
[White "Miciak, Emanuel"]
[Black "Mazak, Ryan"]
[Result "1-0"]
[ECO "A52"]
[WhiteElo "1804"]
[BlackElo "1575"]
[Annotator "NA RC"]
[PlyCount "33"]
[EventDate "2022.06.23"]
[EventType "swiss"]
[EventCountry "SVK"]
[SourceTitle "playchess.com"]
[Source "ChessBase"]
[SourceQuality "1"]
[TimeControl "3600+30"]

1. d4 Nf6 2. c4 e5 3. dxe5 Ng4 4. Nf3 d6 5. e3 Nxe5 6. Nxe5 dxe5 7. Qxd8+ Kxd8 8. Be2 Be6 9. O-O c6 10. b3 f6 11. Bb2 Kc7 12. Nc3 Nd7 13. Rac1 Be7 14. Rfd1 Rad8 15. Nd5+ Kb8 16. Kf1 g6 17. g3 1-0

[Event "LJ Slovak Open 2022"]
[Site "Liptovsky Jan"]
[Date "2022.06.26"]
[Round "7.28"]
[White "Gay, Lukas"]
[Black "Zeman, Jan"]
[Result "1/2-1/2"]
[ECO "B60"]
[WhiteElo "1480"]
[BlackElo "1726"]
[Annotator "NA RC"]
[PlyCount "98"]
[EventDate "2022.06.23"]
[EventType "swiss"]
[EventCountry "SVK"]
[SourceTitle "playchess.com"]
[Source "ChessBase"]
[SourceQuality "1"]
[TimeControl "3600+30"]

1. e4 c5 2. Nf3 Nc6 3. d4 cxd4 4. Nxd4 d6 5. Nc3 Nf6 6. Bg5 Bd7 7. Bb5 Nxd4 8. Bxd7+ Nxd7 9. Qxd4 Qa5 10. Bd2 Qe5 11. Qa4 a6 12. O-O-O b5 13. Qa5 e6 14. f4 Qc5 15. Rhe1 Be7 16. Be3 Qc8 17. Bd4 O-O 18. Ne2 Qc6 19. Ng3 Rfc8 20. Qd2 Qc4 21. Kb1 a5 22. Re3 b4 23. Qd3 e5 24. Qxc4 Rxc4 25. Bxe5 dxe5 26. Rxd7 exf4 27. Red3 fxg3 28. Rxe7 Kf8 29. Rdd7 Kg8 30. hxg3 Rf8 31. b3 Rc3 32. Rd3 Rc6 33. Red7 g6 34. Rd8 Ra6 35. Kb2 h5 36. a3 Kg7 37. Rxf8 Kxf8 38. Rd4 bxa3+ 39. Kxa3 Rf6 40. c4 Rf2 41. b4 axb4+ 42. Kxb4 Rb2+ 43. Ka5 Rxg2 44. Rd3 Re2 45. c5 Rxe4 46. c6 Ke8 47. c7 Rc4 48. Rd8+ Ke7 49. Rc8 Ke6 1/2-1/2

[Event "LJ Slovak Open 2022"]
[Site "Liptovsky Jan"]
[Date "2022.06.26"]
[Round "7.29"]
[White "Staron, Ladislav"]
[Black "Szaszak, Lukas"]
[Result "1/2-1/2"]
[ECO "D14"]
[WhiteElo "1695"]
[BlackElo "1454"]
[Annotator "NA"]
[PlyCount "39"]
[EventDate "2022.06.23"]
[EventType "swiss"]
[EventCountry "SVK"]
[SourceTitle "playchess.com"]
[Source "ChessBase"]
[SourceQuality "1"]
[TimeControl "3600+30"]

1. d4 d5 2. Nf3 Nf6 3. c4 c6 4. cxd5 cxd5 5. Nc3 Bf5 6. Bf4 Nc6 7. a3 e6 8. e3 a6 9. Bd3 Bg6 10. h3 Bd6 11. Bxd6 Qxd6 12. Rc1 O-O 13. Bxg6 fxg6 14. O-O Rac8 15. b4 b5 16. Nd2 Nb8 17. Nb3 Nbd7 18. Nc5 e5 19. Qb3 Rfe8 20. Rcd1 1/2-1/2

[Event "LJ Slovak Open 2022"]
[Site "Liptovsky Jan"]
[Date "2022.06.26"]
[Round "7.30"]
[White "Brida, Lukas"]
[Black "Pisarcik, Richard"]
[Result "1/2-1/2"]
[ECO "A52"]
[WhiteElo "1673"]
[BlackElo "1343"]
[Annotator "NA RC"]
[PlyCount "75"]
[EventDate "2022.06.23"]
[EventType "swiss"]
[EventCountry "SVK"]
[SourceTitle "playchess.com"]
[Source "ChessBase"]
[SourceQuality "1"]
[TimeControl "3600+30"]

1. d4 Nf6 2. c4 e5 3. dxe5 Ng4 4. e4 Nxe5 5. f4 Nec6 6. Nc3 Bb4 7. Nge2 Qe7 8. Qd3 d6 9. g3 Bxc3+ 10. Nxc3 Na6 11. Bg2 Nab4 12. Qd1 Bg4 13. Qxg4 Nc2+ 14. Kf2 Nxa1 15. Nd5 Qd7 16. Qxg7 O-O-O 17. h4 Kb8 18. Qc3 Ne7 19. Be3 Nxd5 20. cxd5 Rhg8 21. Bh3 Qe7 22. Qd4 b6 23. Rxa1 Ka8 24. a4 c5 25. dxc6 Rxg3 26. Qd5 Kb8 27. Kxg3 Rg8+ 28. Kf3 Qxh4 29. c7+ Kxc7 30. Rc1+ Kb8 31. Qxd6+ Ka8 32. Rc8+ Rxc8 33. Bxc8 Qh1+ 34. Ke2 Qxe4 35. Qc7 Qg2+ 36. Kd3 Qd5+ 37. Kc3 Qa5+ 38. b4 1/2-1/2

[Event "LJ Slovak Open 2022"]
[Site "Liptovsky Jan"]
[Date "2022.06.26"]
[Round "7.32"]
[White "Subjakova, Kristina"]
[Black "Carnecky, Viliam"]
[Result "1/2-1/2"]
[ECO "B22"]
[WhiteElo "1623"]
[BlackElo "1380"]
[Annotator "NA RC"]
[PlyCount "129"]
[EventDate "2022.06.23"]
[EventType "swiss"]
[EventCountry "SVK"]
[SourceTitle "playchess.com"]
[Source "ChessBase"]
[SourceQuality "1"]
[TimeControl "3600+30"]

1. e4 c6 2. c4 d5 3. cxd5 cxd5 4. exd5 Qxd5 5. Nc3 Qd8 6. d4 e6 7. Nf3 Nf6 8. Bf4 Nbd7 9. Rc1 a6 10. Bc4 Be7 11. O-O O-O 12. d5 Nb6 13. d6 Nxc4 14. dxe7 Qxe7 15. Na4 Rd8 16. Qe2 b5 17. b3 Nd6 18. Nc5 Bb7 19. Nxb7 Qxb7 20. Rfd1 Qe4 21. Be3 Nf5 22. Ng5 Qb7 23. Bf4 Rxd1+ 24. Qxd1 Nd5 25. Qf3 Rc8 26. Kf1 h6 27. Ne4 Qd7 28. Nc5 Nxf4 29. Qxf4 Qd4 30. Qxd4 Nxd4 31. b4 Rc6 32. Ke1 e5 33. Kd2 f6 34. Kd3 Kf7 35. Ke4 Ke7 36. g3 Rb6 37. f4 Nc6 38. a3 exf4 39. gxf4 a5 40. Kf5 axb4 41. axb4 Kf7 42. Nd3 g6+ 43. Ke4 f5+ 44. Kd5 Ne7+ 45. Kc5 Rb8 46. Ra1 Rd8 47. Ne5+ Kf6 48. Ra6+ Kg7 49. Kxb5 g5 50. fxg5 Rd5+ 51. Kc4 Rxe5 52. Rxh6 Ng6 53. b5 f4 54. Rh3 Rf5 55. Ra3 f3 56. Ra7+ Kf8 57. Ra1 f2 58. Rf1 Ne5+ 59. Kb4 Nd7 60. Ka5 Kg7 61. h4 Kg6 62. Ka6 Rf4 63. b6 Nxb6 64. Kxb6 Rxh4 65. Rxf2 1/2-1/2

[Event "LJ Slovak Open 2022"]
[Site "Liptovsky Jan"]
[Date "2022.06.26"]
[Round "7.33"]
[White "Freibergs, Filips"]
[Black "Marcek, Jan"]
[Result "1-0"]
[ECO "A40"]
[WhiteElo "1250"]
[BlackElo "1588"]
[Annotator "NA RC"]
[PlyCount "34"]
[EventDate "2022.06.23"]
[EventType "swiss"]
[EventCountry "SVK"]
[SourceTitle "playchess.com"]
[Source "ChessBase"]
[SourceQuality "1"]
[TimeControl "3600+30"]

1. d4 e6 2. Nf3 d6 3. e3 Nd7 4. Nbd2 a6 5. b3 Be7 6. Bb2 b6 7. Bd3 Bb7 8. O-O Ngf6 9. c4 c5 10. Qc2 Rc8 11. Ne4 cxd4 12. Bxd4 e5 13. Bb2 h6 14. Rad1 Qc7 15. Rd2 Nc5 16. Nxf6+ gxf6 17. Bf5 Rg8 1-0

[Event "LJ Slovak Open 2022"]
[Site "Liptovsky Jan"]
[Date "2022.06.26"]
[Round "7.34"]
[White "Mikula, Maciej"]
[Black "Stric, Dusan"]
[Result "1-0"]
[ECO "B06"]
[WhiteElo "1567"]
[BlackElo "2021"]
[Annotator "NA RC"]
[PlyCount "147"]
[EventDate "2022.06.23"]
[EventType "swiss"]
[EventCountry "SVK"]
[SourceTitle "playchess.com"]
[Source "ChessBase"]
[SourceQuality "1"]
[TimeControl "3600+30"]

1. d4 g6 2. Nf3 Bg7 3. e4 d6 4. c3 Nd7 5. Bd3 e5 6. O-O Ne7 7. Be3 O-O 8. Re1 h6 $14 9. dxe5 Nxe5 10. Be2 Kh7 11. Nxe5 Bxe5 12. Bd4 Bxd4 13. cxd4 f5 14. f3 c6 15. Nc3 fxe4 16. fxe4 d5 17. Qb3 dxe4 18. Rad1 Nd5 19. Nxe4 Rb8 20. Bf3 Qb6 21. Qxb6 Nxb6 22. Nd6 Rd8 23. Re7+ Kg8 24. Nf7 Kf8 25. Rde1 Rxd4 26. Nxh6 Rf4 27. Re8+ Kg7 28. Ng8 Rf7 29. Ne7 Ra8 30. Rg8+ Kh7 31. Re8 Bd7 32. Rxa8 Nxa8 33. h4 Nc7 34. Be4 Kg7 35. Bxg6 Rf6 36. h5 Be6 37. Nf5+ Bxf5 38. Re7+ Kh6 39. Rxc7 Be6 40. Rxb7 Bxa2 41. Rxa7 Bc4 42. Ra1 Kg5 43. Re1 Bd5 44. Rf1 Re6 45. Bf7 Re2 46. Bxd5 cxd5 47. Rd1 Rxb2 48. Rxd5+ Kh6 49. Kh2 Ra2 50. Kh3 Ra1 51. Kh4 Rh1+ 52. Kg4 Rg1 53. Rd6+ Kh7 54. g3 Rg2 55. Kh4 Rh2+ 56. Kg5 Rg2 57. Rd7+ Kg8 58. g4 Rg1 59. h6 Ra1 60. Rd8+ Kh7 61. Rd7+ Kg8 62. Kh5 Ra5+ 63. g5 Rb5 64. Rg7+ Kh8 65. Rf7 Kg8 66. Rg7+ Kh8 67. Re7 Kg8 68. Kg6 Rb6+ 69. Kf5 Rb5+ 70. Re5 Rb6 71. g6 Rb8 72. Kg5 Ra8 73. h7+ Kh8 74. Kh6 1-0

[Event "LJ Slovak Open 2022"]
[Site "Liptovsky Jan"]
[Date "2022.06.26"]
[Round "7.35"]
[White "Koren, Juraj"]
[Black "Gajdosik, Marian"]
[Result "0-1"]
[ECO "A22"]
[WhiteElo "1506"]
[BlackElo "1902"]
[Annotator "NA RC"]
[PlyCount "61"]
[EventDate "2022.06.23"]
[EventType "swiss"]
[EventCountry "SVK"]
[SourceTitle "playchess.com"]
[Source "ChessBase"]
[SourceQuality "1"]
[TimeControl "3600+30"]

1. c4 e5 2. Nc3 Bb4 3. g3 c6 4. Bg2 Nf6 5. e3 O-O 6. Nge2 d6 7. O-O Nbd7 8. d4 Qe7 9. Bd2 Ba5 10. a3 Bc7 11. b4 Re8 12. a4 Nf8 13. b5 Bd7 14. Re1 Ng6 15. d5 c5 16. a5 Bd8 17. Na4 Rc8 18. a6 b6 19. Nac3 h5 20. e4 h4 21. Bg5 h3 22. Bh1 Qf8 23. Bxf6 Bxf6 24. f4 exf4 25. Nxf4 Nxf4 26. gxf4 Bxc3 27. f5 Qe7 28. Qh5 Qe5 29. Ra3 Bxe1 30. Rxh3 Qd4+ 31. Kf1 0-1

[Event "LJ Slovak Open 2022"]
[Site "Liptovsky Jan"]
[Date "2022.06.26"]
[Round "7.36"]
[White "Ciglian, Michal"]
[Black "Vastik, Tomas"]
[Result "1/2-1/2"]
[ECO "A23"]
[WhiteElo "1704"]
[BlackElo "1457"]
[Annotator "NA RC"]
[PlyCount "47"]
[EventDate "2022.06.23"]
[EventType "swiss"]
[EventCountry "SVK"]
[SourceTitle "playchess.com"]
[Source "ChessBase"]
[SourceQuality "1"]
[TimeControl "3600+30"]

1. c4 e5 2. Nc3 Nf6 3. g3 c6 4. Bg2 Bc5 5. e3 d6 6. Nge2 a6 7. O-O O-O 8. b3 Re8 9. Bb2 Bf5 10. d4 exd4 11. Nxd4 Bxd4 12. Qxd4 Be6 13. e4 c5 14. Qd3 Re7 15. Rad1 Rd7 16. h3 Nc6 17. f4 Re7 18. Nd5 Ne8 19. Kh1 f6 20. f5 h6 21. h4 Kh7 22. g4 Kg8 23. Kg1 Kf8 24. g5 1/2-1/2

[Event "LJ Slovak Open 2022"]
[Site "Liptovsky Jan"]
[Date "2022.06.26"]
[Round "7.37"]
[White "Hlavac, Tomas"]
[Black "Petrik, Matus"]
[Result "0-1"]
[ECO "B01"]
[WhiteElo "1409"]
[BlackElo "1684"]
[Annotator "NA RC"]
[PlyCount "136"]
[EventDate "2022.06.23"]
[EventType "swiss"]
[EventCountry "SVK"]
[SourceTitle "playchess.com"]
[Source "ChessBase"]
[SourceQuality "1"]
[TimeControl "3600+30"]

1. e4 d5 2. e5 Bf5 3. Nf3 e6 4. d4 h6 5. Be2 c5 6. c3 Nc6 7. O-O cxd4 8. cxd4 Bb4 9. a3 Ba5 10. b4 Bc7 11. Nc3 a6 12. Na4 Nge7 13. Nc5 Rb8 14. Nh4 Bh7 15. Be3 O-O 16. Bh5 Nf5 17. Nxf5 Bxf5 18. Qf3 Bb6 19. Qg3 Kh7 20. Bg4 Bxg4 21. Qxg4 Bxc5 22. bxc5 b6 23. cxb6 Qxb6 24. f4 Qb3 25. Bf2 g6 26. Qe2 Qa4 27. Rfd1 Rb3 28. Qc2 Rfb8 29. h3 Na5 30. Kh2 Nc4 31. Ra2 Nxa3 32. Qc5 R3b5 33. Qc1 Rb3 34. Rdd2 Qb4 35. Re2 Qc4 36. Qd1 a5 37. Ra1 Rb1 38. Rxb1 Rxb1 39. Qd2 Qb4 40. Qe3 Rb3 41. Qc1 Nc4 42. Ra2 Rb1 43. Qc2 Rb2 44. Rxb2 Qxb2 45. Qxb2 Nxb2 46. Be1 a4 47. Bc3 a3 48. Kg3 Nc4 49. Kf2 Kg7 50. Ke2 f6 51. Kd3 fxe5 52. dxe5 Kf7 53. Bd4 h5 54. Kc3 h4 55. Kb3 g5 56. fxg5 Kg6 57. Bc5 Kxg5 58. Be7+ Kh5 59. Bd6 Ne3 60. Bxa3 Nxg2 61. Bc1 Kg6 62. Kc3 Kf5 63. Kd4 Nf4 64. Bb2 Nxh3 65. Ke3 Kg4 66. Ke2 Nf4+ 67. Kf1 Nd3 68. Bd4 Kf4 0-1

[Event "LJ Slovak Open 2022"]
[Site "Liptovsky Jan"]
[Date "2022.06.26"]
[Round "7.38"]
[White "Szabo, Marian"]
[Black "Magda, Filip"]
[Result "0-1"]
[ECO "A49"]
[WhiteElo "1467"]
[BlackElo "1624"]
[Annotator "NA RC"]
[PlyCount "116"]
[EventDate "2022.06.23"]
[EventType "swiss"]
[EventCountry "SVK"]
[SourceTitle "playchess.com"]
[Source "ChessBase"]
[SourceQuality "1"]
[TimeControl "3600+30"]

1. d4 Nf6 2. Nf3 g6 3. g3 Bg7 4. Bg2 O-O 5. O-O d6 6. e3 c5 7. c4 Na6 8. a3 Nc7 9. b4 cxb4 10. axb4 a6 11. Nbd2 Rb8 12. Re1 b5 13. Qc2 bxc4 14. Qxc4 Ncd5 15. Rb1 Qb6 16. Ba3 Bd7 17. Qb3 h6 18. Nh4 Be6 19. Nc4 Qa7 20. Qd3 Bd7 21. Qb3 Kh7 22. Na5 Nb6 23. Bc6 Rbc8 24. Bxd7 Qxd7 25. Qd3 Qa7 26. Rec1 Rxc1+ 27. Bxc1 Rc8 28. Bd2 e6 29. b5 axb5 30. Qxb5 Nbd7 31. Qb7 Qxb7 32. Rxb7 Rc2 33. Bb4 d5 34. Be7 Kg8 35. Bd6 Nf8 36. Bb4 Ng4 37. Be1 Rc1 38. Nf3 e5 39. h3 Nxe3 40. fxe3 e4 41. Nb3 Rb1 42. Nc5 Rxb7 43. Nxb7 exf3 44. Kf2 Ne6 45. Kxf3 Ng5+ 46. Kg2 Ne4 47. Nc5 Nxc5 48. dxc5 Kf8 49. Bb4 Ke8 50. Kf3 Kd7 51. Ke2 Kc6 52. Kd3 f5 53. g4 fxg4 54. hxg4 h5 55. gxh5 gxh5 56. Ba3 h4 57. e4 h3 58. exd5+ Kxd5 0-1

[Event "LJ Slovak Open 2022"]
[Site "Liptovsky Jan"]
[Date "2022.06.26"]
[Round "7.39"]
[White "Sekova, Olivia"]
[Black "Vojtko, Imrich"]
[Result "1-0"]
[ECO "B06"]
[WhiteElo "1708"]
[BlackElo "1382"]
[Annotator "NA"]
[PlyCount "43"]
[EventDate "2022.06.23"]
[EventType "swiss"]
[EventCountry "SVK"]
[SourceTitle "playchess.com"]
[Source "ChessBase"]
[SourceQuality "1"]
[TimeControl "3600+30"]

1. e4 g6 2. d4 d6 3. Nc3 c6 4. Be3 Bg7 5. Nge2 Bh6 6. Bxh6 Nxh6 7. Qd2 Ng4 8. f3 Nf6 9. O-O-O O-O 10. g4 b5 11. Ng3 a5 12. Qh6 Kh8 13. h4 Ng8 14. Qe3 Qc7 15. h5 Nd7 16. Qg5 f6 17. hxg6 Rf7 18. Qh5 h6 19. gxf7 Kg7 20. Nf5+ Kh7 21. Qxh6+ Nxh6 22. Rxh6# 1-0